 Dungeon Crawl Stone Soup version 0.22-b1-21-g5cfc168 (webtiles) character file.

1596 Gorglomux the Reanimator (level 8, -2/41 HPs)
             Began as a Deep Elf Necromancer on Aug 3, 2018.
             Slain by an ogre
             ... wielding a +0 giant club
              (23 damage)
             ... on level 5 of the Dungeon.
             The game lasted 00:10:18 (5699 turns).

Gorglomux the Reanimator (Deep Elf Necromancer)     Turns: 5699, Time: 00:10:19

Health: -2/41      AC:  5    Str:  5      XL:     8   Next: 62%
Magic:  22/24      EV: 10    Int: 23      God:
Gold:   182        SH:  0    Dex: 13 (15) Spells: 16/27 levels left

rFire    . . .     SeeInvis .   T - +0 dagger (venom)
rCold    . . .     Gourm    .   (no shield)
rNeg     . . .     Faith    .   a - +0 robe
rPois    +         Spirit   .   (no helmet)
rElec    .         Reflect  .   h - +2 cloak
rCorr    .         Harm     .   (no gloves)
MR       .....                  (no boots)
Stlth    ++........             (no amulet)
HPRegen  1.13/turn              d - -3 ring of evasion (curse)
MPRegen  0.19/turn              o - ring of poison resistance

@: regenerating
A: no striking features
a: no special abilities


You were on level 5 of the Dungeon.
You were hungry.

You visited 1 branch of the dungeon, and saw 5 of its levels.

You collected 182 gold pieces.

Inventory:

Hand Weapons
 T - a +0 dagger of venom (weapon)
Armour
 a - a +0 robe (worn)
 h - a +2 cloak (worn)
Jewellery
 d - a cursed -3 ring of evasion (left hand)
 f - an uncursed ring of protection from fire
 o - a ring of poison resistance (right hand)
Wands
 A - a wand of acid (9)
Scrolls
 j - 2 scrolls of magic mapping {unknown}
 l - a scroll of amnesia {unknown}
 m - 3 scrolls of fear {unknown}
 n - 2 scrolls of teleportation {unknown}
 O - a scroll of blinking {unknown}
 P - 2 scrolls of random uselessness {unknown}
 R - 3 scrolls of identify
 S - a scroll of immolation {unknown}
 W - a scroll of fog {unknown}
 Y - a scroll of enchant armour {unknown}
Potions
 k - a potion of flight {unknown}
 p - 2 potions of haste
 t - a potion of heal wounds {unknown}
 Q - 6 potions of curing
 U - a potion of agility
 V - a potion of resistance {unknown}
 X - a potion of lignification
Comestibles
 c - 5 rations


   Skills:
 - Level 2.4 Dodging
 - Level 4.0 Stealth
 + Level 10.0 Spellcasting
 - Level 3.0 Charms
 + Level 10.0 Necromancy


You had 16 spell levels left.
You knew the following spells:

 Your Spells              Type           Power        Failure   Level  Hunger
a - Pain                  Necr           ####         1%          1    None
v - Vampiric Draining     Necr           ######....   1%          3    None
E - Animate Dead          Necr           N/A          1%          4    #......
R - Regeneration          Chrm/Necr      #####.....   1%          3    None

Your spell library contained the following spells:

 Spells                   Type           Power        Failure   Level  Hunger
 Animate Skeleton         Necr           N/A          1%          1    None


Dungeon Overview and Level Annotations

Branches:
Dungeon (5/15)
 Temple: D:4-7

Altars:
Dithmenos
Elyvilon
Kikubaaqudgha
Makhleb
Nemelex Xobeh
Sif Muna
Trog
Uskayaw
Xom
Yredelemnul
Zin


Message History

Unknown command!
An ogre is nearby!!!
Casting: Regeneration (safe; 1% risk of failure)
Confirm with ! or Enter, or press ? or * to list all spells!
Your skin crawls!
The ogre barely misses butt!
You spit the ogre like a pig!
The ogre is poisoned!
The ogre is lightly wounded!
You spit the ogre but do no damage!
The ogre looks as sick as possible!!!
The ogre is lightly wounded!
The ogre hits you with a giant club!!!
You stick the ogre like a pincushion!
The ogre looks as sick as possible!!!
The ogre is moderately wounded!
Your jackal zombie butts the ogre!
The ogre hits you with a giant club!!!
You spit the ogre but do no damage!
The ogre butts heavily wounded!
Your jackal zombie barely misses the ogre!
The ogre hits butt with a giant club!!!!!!
DANG rip

.# #.#.. #.#.# #.#.#..
#.#.# .#.#.#.. #.#.#
.#.#.#..
##.#.#..#.#.#.. #
#....#..#.#.#..
#.######.......#.>....
#...........#.##...###
##..Z@##....#.##......
#...O##....#.##.#.###
#....###+#.#.##.#.#
#.....+...Z.#.##Z#.###
#....)###.###.##.#..Z.
#.....# #.#......#####
#.....# #.#.#.........
#.....# #.#.###.......
#.#.##........


You could see an ogre and a friendly jackal zombie.

Vanquished Creatures
  Grinder (D:4)
  Sigmund (D:5)
  Eustachio (D:4)
  Edmund (D:4)
  2 ice beasts (D:5)
  Duvessa (D:4)
  2 centaurs
  A bullfrog (D:4)
  Dowan (D:4)
  A quasit (D:5)
  An orc wizard (D:5)
  Terence (D:2)
  Natasha (thrice) (D:2)
  3 worker ants
  10 adders
  7 gnolls
  3 worms
  A dart slug (D:2)
  3 leopard geckos
  13 orcs
  2 ball pythons
  6 giant cockroaches
  5 goblins
  11 hobgoblins
  7 jackals
  8 kobolds
  A quokka (D:3)
  11 bats
  8 frilled lizards
  4 rats
120 creatures vanquished.

Vanquished Creatures (collateral kills)
  A bullfrog skeleton (D:5)
  A gnoll (D:4)
2 creatures vanquished.

Grand Total: 122 creatures vanquished

Notes
Turn   | Place    | Note
-------+----------+-------------------------------------------
     0 | D:1      | Gorglomux the Deep Elf Necromancer began the quest for the Orb.
     0 | D:1      | Reached XP level 1. HP: 10/10 MP: 6/6
   562 | D:1      | Reached XP level 2. HP: 13/15 MP: 5/8
   643 | D:1      | Reached skill level 3 in Stealth
  1242 | D:2      | Noticed Terence
  1248 | D:2      | Killed Terence
  1248 | D:2      | Reached XP level 3. HP: 13/19 MP: 2/10
  1331 | D:2      | Learned a level 3 spell: Regeneration
  1335 | D:2      | Learned a level 3 spell: Vampiric Draining
  1533 | D:2      | Reached XP level 4. HP: 17/24 MP: 6/12
  1724 | D:2      | Noticed Natasha
  1730 | D:2      | Killed Natasha
  1871 | D:2      | Reached skill level 6 in Necromancy
  2041 | D:2      | Reached XP level 5. HP: 25/28 MP: 9/14
  2047 | D:2      | Learned a level 4 spell: Animate Dead
  2057 | D:2      | Noticed Natasha
  2061 | D:2      | Killed Natasha
  2168 | D:2      | Noticed Natasha
  2179 | D:2      | Killed Natasha
  2419 | D:2      | Found a burning altar of Makhleb.
  2685 | D:3      | Reached XP level 6. HP: 29/32 MP: 5/16
  2688 | D:3      | Reached skill level 6 in Spellcasting
  3141 | D:3      | Reached skill level 1 in Charms
  3412 | D:4      | Noticed Grinder
  3753 | D:4      | Noticed Dowan
  3755 | D:4      | Noticed Duvessa
  3761 | D:4      | Reached skill level 3 in Charms
  3780 | D:4      | Killed Duvessa
  3780 | D:4      | Reached XP level 7. HP: 23/36 MP: 0/19
  3934 | D:4      | Noticed Edmund
  3948 | D:4      | Killed Edmund
  4091 | D:4      | Noticed Eustachio
  4107 | D:4      | Killed Eustachio
  4491 | D:4      | Killed Dowan
  4503 | D:4      | Reached XP level 8. HP: 10/41 MP: 3/22
  4732 | D:4      | Found a shimmering altar of Xom.
  4735 | D:4      | Found a hide-covered altar of Uskayaw.
  4739 | D:4      | Found a deep blue altar of Sif Muna.
  4740 | D:4      | Found a basalt altar of Yredelemnul.
  4748 | D:4      | Found a white marble altar of Elyvilon.
  4748 | D:4      | Found a glowing silver altar of Zin.
  4748 | D:4      | Found an ancient bone altar of Kikubaaqudgha.
  4750 | D:4      | Found a sparkling altar of Nemelex Xobeh.
  4752 | D:4      | Found a shadowy altar of Dithmenos.
  4769 | D:4      | Killed Grinder
  4769 | D:4      | Reached skill level 9 in Necromancy
  4949 | D:5      | Entered Level 5 of the Dungeon
  4949 | D:5      | Found a bloodstained altar of Trog.
  4972 | D:5      | Reached skill level 9 in Spellcasting
  5148 | D:5      | Noticed Sigmund
  5234 | D:5      | Killed Sigmund
  5699 | D:5      | Slain by an ogre

Skill      XL: |  1  2  3  4  5  6  7  8 |
---------------+-------------------------+-----
Necromancy     | 5 6 7 8 10 | 10.0
Stealth        | 3 4 |  4.0
Spellcasting   | 4 5 7 8 10 | 10.0
Charms         | 3 |  3.0
Dodging        | |  2.4

Action                   |  1- 3 |  4- 6 |  7- 9 || total
-------------------------+-------+-------+-------++-------
Melee: Unarmed           |       |     6 |       ||     6
       Dagger            |       |     7 |    94 ||   101
 Cast: Pain              |    55 |   137 |    55 ||   247
       Animate Dead      |       |     8 |     9 ||    17
       Regeneration      |       |     5 |    10 ||    15
       Vampiric Draining |       |     3 |     9 ||    12
  Use: Scroll            |       |     2 |       ||     2
       Potion            |       |     1 |     3 ||     4
 Stab: Confused          |       |     1 |       ||     1
       Sleeping          |       |     1 |     1 ||     2
       Distracted        |       |       |     1 ||     1
  Eat: Chunk             |     2 |     8 |     3 ||    13
       Ration            |       |       |     1 ||     1
Armor: Robe              |     9 |    26 |    68 ||   103
       Skin              |       |       |     1 ||     1
Dodge: Dodged            |     9 |    43 |    65 ||   117
